 Dungeon Crawl Stone Soup version 0.26-a0-597-gb535b0901c (webtiles) character file.

Game seed: 14588890002373662609

98 Alarkh the Insei (level 4, 33/33 HPs)
             Began as a Demonspawn Gladiator on Sept 12, 2020.
             Got out of the dungeon alive.
             The game lasted 00:01:19 (1651 turns).

Alarkh the Insei (Demonspawn Gladiator)             Turns: 1651, Time: 00:01:20

Health: 33/33      AC:  3    Str: 14    XL:     4   Next: 44%
Magic:  4/4        EV: 12    Int:  9    God:
Gold:   68         SH:  0    Dex: 14    Spells: 3/3 levels left

rFire    . . .     SeeInvis .     - Unarmed
rCold    . . .     Faith    .   (no shield)
rNeg     . . .     Spirit   .   a - +0 leather armour
rPois    +         Reflect  .   (helmet restricted)
rElec    .         Harm     .   (no cloak)
rCorr    .                      (no gloves)
MR       .....                  (no boots)
Stlth    +.........             (no amulet)
HPRegen  0.11/turn              (no ring)
MPRegen  0.09/turn              (no ring)

@: no status effects
A: antennae 1, hooves 1, dopey 1, poison resistance, powered by death 1
a: no special abilities


You escaped.
You visited 1 branch of the dungeon, and saw 2 of its levels.

You collected 68 gold pieces.

Inventory:

Missiles
 c - 3 throwing nets (quivered)
Armour
 a - a +0 leather armour (worn)
 b - a +0 helmet
Scrolls
 d - 2 scrolls of remove curse {unknown}
 e - a scroll of identify {unknown}
 f - a scroll of amnesia {unknown}
 h - a scroll of magic mapping {unknown}
 i - a scroll of fog {unknown}
 j - a scroll of enchant armour {unknown}
Potions
 g - 2 potions of mutation
 l - a potion of berserk rage {unknown}


   Skills:
 - Level 2.0 Fighting
 - Level 2.0 Throwing
 - Level 2.6 Dodging
 * Level 4.7 Unarmed Combat


You had 3 spell levels left.
You didn't know any spells.
Your spell library was empty.

Dungeon Overview and Level Annotations

Branches:
Dungeon (2/15)

Altars:
Hepliaklqana


Innate Abilities, Weirdness & Mutations

You have a pair of small antennae on your head.
You regenerate a little health from kills.
You have large cloven feet.
You are dopey. (Int -2)
Your system is resistant to poisons. (rPois)


Message History

You start resting.
You flicker for a moment.
You start resting.
You flicker back into view.
You start resting.
Your magical contamination has completely faded away.
You start resting.
HP restored.
You start resting.
HP restored.
You climb upwards.
There is a stone staircase leading down here.
You open the door.
There is an open door here.
There is a staircase leading out of the dungeon here.
Are you sure you want to leave the Dungeon?
This will make you lose the game!
Alright, then stay!
Unknown command.
Are you sure you want to leave the Dungeon?
This will make you lose the game!
You have escaped!

.............>#
#.####.#.#.#.##
####†####.#.#######.#
#.#.#.#.# #.#
#.#.........# #.#.#.#.#
#.#
#..#############.#...#.#
####.#
#................#####.#
.....#
#................#####.#
######
#.....##'##....#.......#
#....##...##...#########
#### #....#..@..#...#
...# #....##...##...#
...# #.....##'##....#
...# #.............(#
...# #...)..........#
.### #.############.#
.########.# #.........#
..........####.######.##
.#####......##.# #.#


There were no monsters in sight!

Vanquished Creatures
  A bullfrog (D:2)
  An adder (D:2)
  A dart slug (D:1)
  2 leopard geckos (D:1)
  2 giant cockroaches (D:1)
  A goblin (D:1)
  A hobgoblin (D:1)
  2 jackals (D:1)
  3 kobolds (D:1)
  2 bats (D:1)
  2 frilled lizards (D:1)
  3 rats
21 creatures vanquished.

Notes
Turn   | Place    | Note
-------+----------+-------------------------------------------
     0 | D:1      | Alarkh the Demonspawn Gladiator began the quest for the
                  | Orb.
     0 | D:1      | Reached XP level 1. HP: 16/16 MP: 1/1
   140 | D:1      | Reached skill level 3 in Unarmed Combat
   231 | D:1      | You fall into a shaft and drop 1 floor!
   256 | D:2      | Gained mutation: You regenerate a little health from kills.
                  | [demonic ancestry]
   256 | D:2      | Reached XP level 2. HP: 11/22 MP: 2/2
   986 | D:1      | Reached XP level 3. HP: 27/27 MP: 3/3
  1324 | D:2      | Found a hazy altar of Hepliaklqana.
  1325 | D:2      | Noticed a bullfrog
  1334 | D:2      | Gained mutation: Your system is resistant to poisons.
                  | (rPois) [potion of mutation]
  1334 | D:2      | Gained mutation: You are dopey. (Int -2) [potion of
                  | mutation]
  1334 | D:2      | Gained mutation: You have large cloven feet. [potion of
                  | mutation]
  1339 | D:2      | Killed a bullfrog
  1339 | D:2      | Reached skill level 4 in Unarmed Combat
  1339 | D:2      | Gained mutation: You have a pair of small antennae on your
                  | head. [demonic ancestry]
  1339 | D:2      | Reached XP level 4. HP: 2/33 MP: 4/4
  1651 | D:$      | Got out of the dungeon alive.

Illustrated notes

Levels and vault maps discovered:
D:1:      dpeg_arrival_shelter, layout_basic, minmay_tetromino_i4
D:2:      layout_basic, lemuel_crystal_altar, chequers_ecumenical_altar_simple,
          chequers_serial_rivers_small_a, chequers_mini_garden

Skill      XL: |  1  2  3 |
---------------+----------+-----
Unarmed Combat | 3 4 |  4.7
Throwing       | 2 |  2.0
Fighting       | |  2.0
Dodging        | |  2.6

Action                   |  1- 3 |  4- 6 || total
-------------------------+-------+-------++-------
Melee: Unarmed           |    89 |       ||    89
       Kick              |     1 |       ||     1
       Punch             |     1 |       ||     1
  Use: Potion            |     2 |       ||     2
 Stab: Sleeping          |     3 |       ||     3
Armor: Leather armour    |    30 |       ||    30
Dodge: Dodged            |    65 |       ||    65

Table legend: (Time is in decaauts)
 A = Elapsed time spent in this place.
 B = Non-inter-level travel time spent in this place.
 C = Inter-level travel time spent in this place.
 D = Time resting spent in this place.
 E = Time spent auto-exploring this place.
 F = Levels seen in this place.
 G = Mean time per level.
                   A        B        C        D        E       F      G
               +--------+--------+--------+--------+--------+-----+--------+
         Total |   1647 |   1598 |     49 |    563 |    869 |   2 |  823.5 |
       Dungeon |   1647 |   1598 |     49 |    563 |    869 |   2 |  823.5 |
               +--------+--------+--------+--------+--------+-----+--------+

Top non-repeatable levels by time:
     D:1: 1324 daAuts
     D:2: 323 daAuts
